 Dungeon Crawl Stone Soup version 0.31-a0-358-gac0dbeb3ab (webtiles) character file.

Game seed: 1554113091304104826

255 AdnanSaban the Covered (level 6, 0/38 HPs)
             Began as a Gargoyle Fighter on July 25, 2023.
             Slain by Prince Ribbit (5 damage)
             ... on level 5 of the Dungeon.
             The game lasted 00:02:42 (2911 turns).

AdnanSaban the Covered (Gargoyle Fighter)           Turns: 2911, Time: 00:02:42

Health: 0/38       AC: 15    Str: 22    XL:     6   Next: 15%
Magic:  6/6        EV:  9    Int:  8    God:
Gold:   188        SH:  8    Dex:  9    Spells: 5/5 levels left

rFire   . . .        a - +0 flail
rCold   . . .        k - +0 kite shield
rNeg    + . .        b - +0 scale mail
rPois   ∞            x - +1 helmet
rElec   +            (no cloak)
rCorr   .            i - +0 pair of gloves
SInv    .            (no boots)
Will    .....        (no amulet) Stlth
                     (no ring)
HPRegen 0.26/turn    (no ring)
MPRegen 0.10/turn

%: no passive effects
@: no status effects
A: sickness immunity, AC +4, negative energy resistance 1, electricity
resistance, torment resistance 1, petrification resistance
a: no special abilities


You were on level 5 of the Dungeon.
You visited 1 branch of the dungeon, and saw 5 of its levels.

You collected 188 gold pieces.

Inventory:

Hand Weapons
 a - a +0 flail (weapon)
Armour
 b - a +0 scale mail (worn)
 i - a +0 pair of gloves (worn)
 k - a +0 kite shield (worn)
 x - a +1 helmet (worn)
Jewellery
 v - a ring of fire
 y - a +4 ring of slaying
Scrolls
 c - a scroll of fear {unknown}
 e - 6 scrolls of teleportation {unknown}
 f - a scroll of fog {unknown}
 g - a scroll of immolation {unknown}
 h - 2 scrolls of vulnerability {unknown}
 j - a scroll of noise {unknown}
 l - a scroll of enchant armour {unknown}
 m - a scroll of poison {unknown}
 q - a scroll of summoning {unknown}
 s - a scroll of blinking {unknown}
 u - a scroll of revelation {unknown}
 w - 2 scrolls of identify {unknown}
Potions
 d - a potion of might
 n - 2 potions of haste {unknown}
 o - a potion of lignification {unknown}
 p - a potion of attraction {unknown}
 r - a potion of cancellation {unknown}
 t - a potion of degeneration {unknown}


   Skills:
 + Level 4.2 Fighting
 + Level 3.9 Maces & Flails
 + Level 4.4 Armour
 + Level 1.2 Dodging
 + Level 4.2 Shields


You had 5 spell levels left.
You didn't know any spells.
Your spell library contained the following spells:

 Spells                   Type           Power      Damage    Failure   Level
 Gell's Gravitas          Tloc           0%         N/A       100%        3
 Teleport Other           Tloc           0%         N/A       100%        3
 Dispersal                Tloc           0%         N/A       100%        6
 Chain Lightning          Conj/Air       0%         N/A       100%        9
 Fire Storm               Conj/Fire      0%         5d1       100%        9
 Shatter                  Erth           0%         3d5*      100%        9


Dungeon Overview and Level Annotations

Branches:
Dungeon (6/15)
 Temple: D:4-7

Altars:

Annotations:
D:5 Prince Ribbit


Innate Abilities, Weirdness & Mutations

You are immune to sickness and miasma.
Your stone body is resilient. (AC +4)
You are immune to poison.
You resist negative energy. (rN+)
You are resistant to electric shocks. (rElec)
You are resistant to unholy torment.
You are immune to petrification.


Message History

You climb upwards.
There is a stone staircase leading down here.
Prince Ribbit comes into view.
Prince Ribbit gives a loud, deep croak!
Prince Ribbit croaks regally.
You miss Prince Ribbit. Prince Ribbit misses you.
Prince Ribbit blinks!
Found a scroll labelled EPIUPRIAPP.
Prince Ribbit blinks!
You sock Prince Ribbit!
Prince Ribbit is moderately wounded.
Prince Ribbit hits you but does no damage.
Prince Ribbit hits you!
You barely miss Prince Ribbit.
Prince Ribbit is moderately wounded.
Prince Ribbit hits you.
Prince Ribbit lets out a mournful croak.
You block Prince Ribbit's attack.
You barely miss Prince Ribbit.
Prince Ribbit is moderately wounded.
Prince Ribbit closely misses you. Prince Ribbit hits you.
You hit Prince Ribbit.
Prince Ribbit is heavily wounded.
Prince Ribbit hits you!
Prince Ribbit hits you but does no damage.
You barely miss Prince Ribbit.
Prince Ribbit is heavily wounded.
Prince Ribbit closely misses you.
You miss Prince Ribbit.
Prince Ribbit is heavily wounded.
Prince Ribbit hits you.
* * * LOW HITPOINT WARNING * * *
Prince Ribbit completely misses you.
You closely miss Prince Ribbit.
Prince Ribbit is heavily wounded.
Prince Ribbit hits you.
* * * LOW HITPOINT WARNING * * *
Prince Ribbit hits you but does no damage.
You miss Prince Ribbit.
Prince Ribbit is heavily wounded.
Prince Ribbit hits you.
You die...

#. ........# #..
#.#.#.#.# #..
.........
#..##........
##..#..#......
###............#
............?...
.#.#...........
# ##@#######.#
#.##F## #....>#
####.## ##.##
#...# #.#..#
......# ###.....


You could see Prince Ribbit.

Vanquished Creatures
  A sky beast (D:6)
  A scorpion (D:6)
  Robin (D:3)
  3 adders
  An ufetubus (D:6)
  2 dart slugs (D:1)
  2 ball pythons
  4 bats
  6 endoplasms
  A giant cockroach (D:1)
  12 goblins
  6 hobgoblins
  2 quokkas
  A frilled lizard (D:1)
  10 kobolds
  4 rats
57 creatures vanquished.

Notes
Turn   | Place    | Note
-------+----------+-------------------------------------------
     0 | D:1      | AdnanSaban the Gargoyle Fighter began the quest for the
                  | Orb.
     0 | D:1      | Reached XP level 1. HP: 14/14 MP: 1/1
   135 | D:1      | Reached XP level 2. HP: 10/19 MP: 2/2
   774 | D:1      | Found a faded altar of an unknown god.
   832 | D:1      | Reached XP level 3. HP: 24/24 MP: 3/3
  2189 | D:3      | Reached XP level 4. HP: 29/29 MP: 4/4
  2542 | D:3      | Noticed Robin
  2570 | D:3      | Killed Robin
  2758 | D:3      | You fall into a shaft and drop 3 floors!
  2779 | D:6      | Noticed a sky beast
  2798 | D:6      | Killed a sky beast
  2799 | D:6      | Reached skill level 1 in Dodging
  2799 | D:6      | Reached XP level 5. HP: 30/33 MP: 5/5
  2842 | D:6      | Reached XP level 6. HP: 29/38 MP: 6/6
  2888 | D:5      | Entered Level 5 of the Dungeon
  2892 | D:5      | Noticed Prince Ribbit
  2911 | D:5      | Slain by Prince Ribbit

Illustrated notes

Levels and vault maps discovered:
D:1:      amcnicky_arrival_abandoned_market, layout_basic,
          chequers_ecumenical_altar_simple, nicolae_houndstooth_variations
D:2:      layout_basic
D:3:      layout_basic, feat_on_display, uniq_natasha, uniq_robin,
          uniq_crazy_yiuf_cottage
D:5:      layout_loops_cross, kennysheep_little_box, serial_co_window_serial,
          co_window_paths_a, co_window_of_opportunity_a, co_window_cross_1,
          co_window_of_opportunity_a, co_window_corner_a, co_window_broadway_b,
          co_window_unsneaky_path_d, co_window_unsneaky_path_a,
          co_window_broadway_a, co_window_corner_ca, co_window_cross_4,
          co_window_broadway_a, glass_columns_c, glass_columns_b,
          glass_columns_a, serial_shops, nicolae_shop_pleasant_corner_grove,
          uniq_edmund, uniq_prince_ribbit1
D:6:      layout_rooms

Skill      XL: |  1  2  3  4 |
---------------+-------------+-----
Armour         | 4 |  4.4
Fighting       | 4 |  4.2
Maces & Flails | 3 |  3.9
Dodging        | 1 |  1.2
Shields        | 4 |  4.2

Action                     |  1- 3 |  4- 6 || total
---------------------------+-------+-------++-------
  Melee: Flail             |   129 |    96 ||   225
 Armour: Scale mail        |    68 |    84 ||   152
  Dodge: Dodged            |    59 |    56 ||   115
  Block: Buckler           |    15 |       ||    15
         Kite shield       |    21 |    62 ||    83

Table legend: (Time is in decaauts)
 A = Elapsed time spent in this place.
 B = Non-inter-level travel time spent in this place.
 C = Inter-level travel time spent in this place.
 D = Time resting spent in this place.
 E = Time spent auto-exploring this place.
 F = Levels seen in this place.
 G = Mean time per level.
                   A        B        C        D        E       F      G
               +--------+--------+--------+--------+--------+-----+--------+
         Total |   2993 |   2957 |     36 |     92 |   2301 |   5 |  598.6 |
       Dungeon |   2993 |   2957 |     36 |     92 |   2301 |   5 |  598.6 |
               +--------+--------+--------+--------+--------+-----+--------+

Top non-repeatable levels by time:
     D:1: 1283 daAuts
     D:2: 869 daAuts
     D:3: 676 daAuts
     D:6: 138 daAuts
     D:5: 25 daAuts
